 Dungeon Crawl Stone Soup version 0.17-a0-1738-g82cdc46 (webtiles) character file.

9058 kae the Black Belt (level 11, -10/77 HPs)
             Began as a Demonspawn Monk on Aug 30, 2015.
             Killed by divine providence
             ... invoked by a smoke demon
              (13 damage)
             ... on level 1 of the Abyss.
             The game lasted 00:15:16 (8530 turns).

kae the Black Belt (Demonspawn Monk)                Turns: 8530, Time: 00:15:16

Health: -10/77     AC: 10    Str:  8      XL:     11   Next: 18%
Magic:  8/8        EV: 16    Int:  2 (7)  God:
Gold:   412        SH:  0    Dex: 15      Spells: 0 memorised, 10 levels left

rFire  . . .     SeeInvis .       - Unarmed
rCold  . . .     Rnd*Rage +     a - +0 robe
rNeg   . . .     SustAt   .     (no shield)
rPois  .         Gourm    .     (helmet restricted)
rElec  .         Spirit   .     G - +0 cloak
rCorr  .         Warding  .     (no gloves)
rMut   .         Rnd*Tele +     Q - +0 pair of boots
MR     .....                    d - amulet of regeneration
Stlth  +.........               (no ring)
                                i - +2 ring of evasion

@: liquid flames, glowing, not resistant to hostile enchantments, very
unstealthy
A: beak, hooves 2, iridescent scales 2, berserk 2, clumsy 2, demonic guardian 2,
deterioration 2, dopey 2, low mp 2, powered by death 1, screaming 2, slow
healing 1, spit poison 1, teleportitis 1, weak 2, MP-powered wands
a: Spit Poison


You were on level 1 of the Abyss.
You were not hungry.

You visited 2 branches of the dungeon, and saw 11 of its levels.
You visited the Abyss 1 time.
You also visited: Ossuary.

You collected 530 gold pieces.
You spent 118 gold pieces at shops.

Inventory:

Armour
 a - a +0 robe (worn)
 h - a +0 helmet
 G - a +0 cloak (worn)
 Q - a +0 pair of boots (worn)
Jewellery
 d - an amulet of regeneration (around neck)
 i - a +2 ring of evasion (left hand)
 w - the amulet of Lesser Demons {rMut rC+}
   (You acquired it on level 5 of the Dungeon)

   [amulet of resist mutation]

   It protects you from mutation.
   It protects you from cold.
 I - an uncursed ring of positive energy
Magical devices
 e - a wand of digging (22)
 k - a wand of draining (7)
 n - a wand of polymorph (11)
 p - a wand of confusion (23)
 r - a wand of paralysis (13)
 u - a wand of fire (5)
 E - a wand of flame (18)
 F - a wand of magic darts (14)
 H - a wand of draining (6)
 M - a wand of random effects (7)
Scrolls
 l - 2 scrolls of amnesia
 o - 2 scrolls of fog
 v - a scroll of teleportation
 y - 3 scrolls of remove curse
 D - 5 scrolls of identify
Potions
 f - 2 potions of cure mutation
 g - 2 potions of curing
 j - 2 potions of haste
 t - a potion of agility
 x - a potion of brilliance
 z - a potion of invisibility
 B - a potion of might
 C - 2 potions of lignification
Books
 A - a book of Alchemy

   Spells                             Type                      Level
   a - Sublimation of Blood           Necromancy                   2
   b - Ignite Poison                  Fire/Transmutation/Poison    3
   c - Alistair's Intoxication        Transmutation/Poison         4
   d - Condensation Shield            Ice                          4
   e - Petrify                        Transmutation/Earth          4
   f - Irradiate                      Conjuration/Transmutation    5
 J - an Akashic Record

   Spells                             Type                      Level
   a - Dispersal                      Translocation                6
   b - Controlled Blink               Translocation                7
   c - Malign Gateway                 Summoning/Translocation      7
   d - Disjunction                    Translocation                8
 K - a book of Dreams

   Spells                             Type                      Level
   a - Ensorcelled Hibernation        Hexes/Ice                    2
   b - Phase Shift                    Translocation                5
   c - Shadow Creatures               Summoning                    5
   d - Silence                        Hexes/Air                    5
   e - Darkness                       Hexes                        6
   f - Mass Confusion                 Hexes                        6
Comestibles
 b - 5 bread rations
 m - 16 fruits
 q - a royal jelly
 s - 5 meat rations
 P - a beef jerky


   Skills:
 + Level 4.2 Fighting
 + Level 3.6 Dodging
 - Level 1.7 Stealth
 - Level 16.0 Unarmed Combat


You had 10 spell levels left.
You didn't know any spells.

Dungeon Overview and Level Annotations

Branches:
Dungeon (10/15)            Temple (1/1) D:5            Lair (0/8) D:8
    Orc: D:9-12

Altars:
Ashenzari
Cheibriados
Dithmenos
Elyvilon
Fedhas
Gozag
Kikubaaqudgha
Makhleb
Nemelex Xobeh
Okawaru
Qazlal
Ru
Sif Muna
Trog
Vehumet
Xom
Yredelemnul
Zin
The Shining One

Shops:
D:5 !*=   D:7 [   D:9 %

Annotations:
D:10 Sonja


Innate Abilities, Weirdness & Mutations

You have hoof-like feet.
You are mostly covered in iridescent scales (AC +6).
A demonic guardian rushes to your aid.
You regenerate a little health from kills.
You have a beak for a mouth.
You often lose your temper in combat.
You can spit weak poison.
You are occasionally teleported to nearby monsters.
[You are very clumsy. (Dex -4)]
[Your body often deteriorates upon taking damage.]
[You are very dopey. (Int -4)]
[Your magical capacity is very low (-20% MP).]
[You sometimes yell uncontrollably at your foes.]
[You heal slowly when monsters are visible.]
[You are very weak. (Str -4)]
[You expend magic power (3 MP) to strengthen your wands.]


Message History

Your sixfirhy burns!
Your sixfirhy barely misses the raiju.
Your sixfirhy closely misses the raiju.
Your sixfirhy closely misses the raiju.
The smoke demon gestures at you. The sticky flame hits you!
You are covered in liquid flames!
* * * LOW HITPOINT WARNING * * *
Your sixfirhy hits the raiju.
Your sixfirhy shocks the raiju.
The raiju completely resists.
The raiju misses your sixfirhy.
Drink which item? (? for menu, Esc to quit)
You feel better.
You are engulfed in a cloud of scalding steam.
* * * LOW HITPOINT WARNING * * *
You are covered in liquid flames!
* * * LOW HITPOINT WARNING * * *
Your sixfirhy burns!
Your sixfirhy is engulfed in a cloud of scalding steam. x5
The smoke demon gestures at you. Something smites you!
You die...

#.# .. .. #
##.. #..
###.#.#### ## #
#.§.#..#..x..##
#.x#.####.
###h###...##
#..§.#.###
#.#.4.3..# . #.
##@#.##..# #
#4..# ....#
#.##..# .# .##
.. .. .. ## #.


You could see a smoke demon and 2 friendly sixfirhies.

Vanquished Creatures
  A gargoyle (D:10)
  A two-headed ogre (D:8)
  Grinder (D:3)
  A ynoxinul (Abyss:1)
  13 yaks
  A steam dragon (D:9)
  A hippogriff (D:9)
  A hungry ghost (D:8)
  An orc warrior (D:6)
  A sky beast (D:9)
  A black bear (D:9)
  4 ice beasts
  A phantom (D:9)
  An eye of draining (D:10)
  5 centaurs
  4 ogres
  3 big kobolds (D:7)
  2 giant frogs
  A wyvern zombie (D:7)
  2 elf zombies (Ossuary)
  7 scorpions
  2 killer bees (D:9)
  3 crimson imps
  3 human zombies (Ossuary)
  4 centaur zombies
  4 orc priests
  4 hounds
  A giant frog skeleton (D:8)
  An orc wizard (D:6)
  4 iguanas
  7 worker ants
  3 hound skeletons
  2 mummies (Ossuary)
  8 adders
  4 gnolls
  2 worker ant zombies
  2 shadow imps
  An adder zombie (D:7)
  3 oozes
  An adder skeleton (D:8)
  2 worms
  11 giant geckos
  20 orcs
  7 giant cockroaches
  4 goblins
  10 hobgoblins
  8 jackals
  4 quokkas
  14 bats
  2 giant gecko skeletons
  6 giant newts
  26 kobolds
  A quokka skeleton (D:5)
  A quokka zombie (D:7)
  9 rats
237 creatures vanquished.

Vanquished Creatures (collateral kills)
  A troll (D:10)
  2 raiju (Abyss:1)
  2 large abominations (Abyss:1)
  Eustachio (D:4)
  A basilisk (Abyss:1)
  A hippogriff (D:8)
  6 yaks
  An ice beast (D:8)
  2 elf zombies (Ossuary)
  3 killer bees (D:9)
  A giant frog zombie (D:10)
  2 human zombies (Ossuary)
  A gnoll shaman (D:5)
  An orc priest (D:3)
  An iron imp (Abyss:1)
  2 small abominations (Abyss:1)
  A mummy (Ossuary)
  An adder (D:8)
  4 gnolls (D:5)
  A shadow imp (D:9)
  7 orcs
  A giant newt (D:4)
  A goblin (D:2)
44 creatures vanquished.

Vanquished Creatures (others)
  A brain worm (Abyss:1)
  2 starspawn tentacles (Abyss:1)
  2 starspawn tentacle segments (Abyss:1)
5 creatures vanquished.

Grand Total: 286 creatures vanquished

Notes
Turn   | Place    | Note
--------------------------------------------------------------
     0 | D:1      | kae the Demonspawn Monk began the quest for the Orb.
     0 | D:1      | Reached XP level 1. HP: 18/18 MP: 1/1
    91 | D:1      | Reached skill level 4 in Unarmed Combat
    98 | D:1      | Gained mutation: You are partially covered in iridescent scales (AC +4). [demonic ancestry]
    98 | D:1      | Reached XP level 2. HP: 17/24 MP: 2/2
   780 | D:2      | Gained mutation: A weak demonic guardian rushes to your aid. [demonic ancestry]
   780 | D:2      | Reached XP level 3. HP: 29/29 MP: 3/3
   814 | D:2      | Found an iron altar of Okawaru.
   917 | D:2      | Reached skill level 5 in Unarmed Combat
  1054 | D:2      | Gained mutation: You regenerate a little health from kills. [demonic ancestry]
  1054 | D:2      | Reached XP level 4. HP: 15/35 MP: 4/4
  1349 | D:2      | Found a shimmering altar of Xom.
  1870 | D:3      | Noticed Grinder
  1871 | D:3      | Paralysed by Grinder for 7 turns
  1906 | D:3      | Killed Grinder
  1906 | D:3      | Reached skill level 6 in Unarmed Combat
  1906 | D:3      | Gained mutation: A demonic guardian rushes to your aid. [demonic ancestry]
  1906 | D:3      | Reached XP level 5. HP: 22/41 MP: 5/5
  1935 | D:3      | Gained mutation: You have large cloven feet. [demonic ancestry]
  1935 | D:3      | Reached XP level 6. HP: 44/47 MP: 6/6
  1991 | D:3      | Reached skill level 12 in Unarmed Combat
  1991 | D:3      | Reached XP level 7. HP: 22/52 MP: 7/7
  2183 | D:3      | Reached skill level 13 in Unarmed Combat
  2568 | D:4      | Noticed Eustachio
  2775 | D:4      | Killed Eustachio
  3196 | D:4      | Gained mutation: You have hoof-like feet. [demonic ancestry]
  3196 | D:4      | Reached XP level 8. HP: 58/58 MP: 8/8
  3468 | D:5      | Entered Level 5 of the Dungeon
  3540 | D:5      | Found Miuniugi's Assorted Antiques.
  3546 | D:5      | Bought a scroll labeled HUEBBICVOGH for 22 gold pieces
  3546 | D:5      | Bought a fizzy blue potion for 19 gold pieces
  3547 | D:5      | Got a warped pewter amulet
  3549 | D:5      | Identified the amulet of Lesser Demons {rMut rC+} (You acquired it on level 5 of the Dungeon)
  3822 | D:5      | Found a staircase to the Ecumenical Temple.
  3930 | Temple   | Entered the Ecumenical Temple
  4064 | D:5      | Found Wecoim's Distillery.
  4067 | D:5      | Bought a potion of might for 44 gold pieces
  4067 | D:5      | Bought a potion of lignification for 33 gold pieces
  4180 | D:5      | Found Bojoc's Jewellery Emporium.
  4607 | D:6      | Found a sand-covered staircase.
  4615 | Ossuary  | Entered an ossuary
  4820 | Ossuary  | Gained mutation: You are mostly covered in iridescent scales (AC +6). [demonic ancestry]
  4820 | Ossuary  | Reached XP level 9. HP: 34/63 MP: 9/9
  5435 | D:6      | Reached skill level 14 in Unarmed Combat
  5808 | D:7      | Found Xekaraosen's Antique Armour Shoppe.
  6213 | D:8      | Found a stormy altar of Qazlal.
  6247 | D:8      | Gained mutation: You can spit weak poison. [potion of mutation]
  6247 | D:8      | Gained mutation: You have a beak for a mouth. [potion of mutation]
  6247 | D:8      | Gained mutation: You tend to lose your temper in combat. [potion of mutation]
  6373 | D:8      | Reached XP level 10. HP: 66/70 MP: 10/10
  6431 | D:8      | Found a staircase to the Lair.
  6682 | D:8      | Found a basalt altar of Yredelemnul.
  6691 | D:8      | Found a glowing golden altar of the Shining One.
  6693 | D:8      | Noticed an angel
  6917 | D:9      | Found Geple's Food Emporium.
  6937 | D:9      | Reached skill level 15 in Unarmed Combat
  7617 | D:10     | Entered Level 10 of the Dungeon
  7907 | D:10     | Reached skill level 16 in Unarmed Combat
  7907 | D:10     | Reached XP level 11. HP: 42/75 MP: 11/11
  7946 | D:10     | Noticed Sonja
  8064 | D:10     | Cast into the Abyss (Sonja)
  8064 | Abyss:1  | Found a corrupted altar of Lugonu.
  8150 | Abyss:1  | Noticed a revenant
  8172 | Abyss:1  | Noticed a spectral stone giant
  8192 | Abyss:1  | Gained mutation: You are occasionally teleported to nearby monsters. [a neqoxec]
  8210 | Abyss:1  | Gained mutation: You often lose your temper in combat. [a neqoxec]
  8262 | Abyss:1  | Noticed an Executioner
  8285 | Abyss:1  | Noticed a thrashing horror
  8301 | Abyss:1  | Noticed a tentacled starspawn
  8318 | Abyss:1  | Noticed a wretched star
  8321 | Abyss:1  | Noticed a shadow demon
  8322 | Abyss:1  | Noticed a shadow demon
  8325 | Abyss:1  | Noticed a starcursed mass
  8530 | Abyss:1  | HP: 2/77 [burnt (7)]
  8530 | Abyss:1  | Killed from afar by a smoke demon

Vault maps used:
D:1:      dpeg_arrival_shrine, minivault_24, corexii_corridor_pit,
          roderic_digamma_sauvastika, serial_bayou_pond_e
D:2:      old_standard_altar, okawaru_altar_gauntlet_db, first_bread,
          minmay_crystal_room
D:3:      hex_medium, uniq_grinder
D:4:      uniq_eustachio
D:5:      minmay_temple_entry_glassed_door, serial_shops, shop_fountains,
          kennysheep_mini_moat, shop_fountains
D:6:      nicolae_ossuary_entry_plus
D:7:      serial_shops, nicolae_shop_temple_entry_statues_fountains,
          grunt_ministairs_2
D:8:      grunt_temple_overflow_holy_war, nicolae_qazlal_general_emergency,
          lair_0_dummy
D:9:      serial_shops, shop, hangedman_decor_diamond_cutter
D:10:     uniq_sonja
Temple:   water_room_temple_a_12
Ossuary:  ossuary_minmay_four_chambers

Action                   |  1- 3 |  4- 6 |  7- 9 | 10-12 || total
-------------------------+-------+-------+-------+-------++-------
Melee: Unarmed           |   131 |   125 |   442 |   250 ||   948
  Use: Potion            |       |     3 |     6 |     7 ||    16
       Scroll            |       |       |    14 |     7 ||    21
 Stab: Sleeping          |     5 |     3 |     4 |       ||    12
       Distracted        |       |       |     3 |     3 ||     6
  Eat: Chunk             |     1 |     2 |    14 |     9 ||    26
       Pizza             |       |       |     1 |       ||     1
       Bread ration      |       |       |       |     1 ||     1
